 Dungeon Crawl Stone Soup version 0.24.1-14-gf8d2b509d9 (webtiles) character file.

Game seed: 16236522626692116933, levelgen mode: deterministic

1332 Hugehornet the Basher (level 8, -1/46 HPs)
             Began as a Gargoyle Fighter on May 24, 2020.
             Was a Follower of Cheibriados.
             Killed from afar by an electric eel (4 damage)
             ... with a bolt of electricity
             ... on level 5 of the Dungeon.
             The game lasted 00:08:46 (4449 turns).

Hugehornet the Basher (Gargoyle Fighter)            Turns: 4449, Time: 00:08:47

Health: -1/46      AC: 19    Str: 26    XL:     8   Next: 61%
Magic:  8/8        EV:  6    Int: 14    God:    Cheibriados [*.....]
Gold:   210        SH: 13    Dex: 11    Spells: 7/7 levels left

rFire    . . .     SeeInvis .   B - +2 whip (venom)
rCold    . . .     Gourm    .   c - +0 shield
rNeg     + . .     Faith    .   q - +0 chain mail
rPois    ∞         Spirit   .   (no helmet)
rElec    +         Reflect  +   y - +0 cloak
rCorr    .         Harm     .   (no gloves)
MR       .....                  p - +2 pair of boots
Stlth    ..........             r - +3 amulet of reflection
HPRegen  0.15/turn              (no ring)
MPRegen  0.11/turn              (no ring)

@: mighty, hasted, very slow
A: negative energy resistance 1, electricity resistance, unbreathing,
petrification resistance, rot immunity, AC +5
a: Bend Time, Renounce Religion


You were on level 5 of the Dungeon.
You worshipped Cheibriados.
Cheibriados was aware of your devotion.
You were not hungry.

You visited 1 branch of the dungeon, and saw 5 of its levels.

You collected 210 gold pieces.

Inventory:

Hand Weapons
 a - a +0 flail
 k - a +0 morningstar
 B - a +2 whip of venom (weapon)
Armour
 b - a +0 scale mail
 c - a +0 shield (worn)
 p - a +2 pair of boots (worn)
 q - a +0 chain mail (worn)
 y - a +0 cloak (worn)
Jewellery
 r - a +3 amulet of reflection (around neck)
 z - an uncursed amulet of regeneration {unknown}
Wands
 s - a wand of polymorph (6)
Scrolls
 g - a scroll of immolation
 u - a scroll of teleportation
 v - a scroll of enchant weapon {unknown}
 w - 2 scrolls of remove curse
 x - a scroll of magic mapping
Potions
 h - a potion of magic {unknown}
 i - a potion of lignification
 j - a potion of flight {unknown}
 l - a potion of heal wounds {unknown}
 m - a potion of degeneration {unknown}
 n - a potion of brilliance {unknown}
 o - a potion of resistance {unknown}
 t - a potion of cancellation {unknown}
 A - a potion of haste
Comestibles
 f - 11 rations


   Skills:
 - Level 3.2 Fighting
 + Level 10.3 Maces & Flails
 - Level 3.2 Armour
 - Level 3.2 Shields


You had 7 spell levels left.
You didn't know any spells.
Your spell library was empty.

Dungeon Overview and Level Annotations

Branches:
Dungeon (5/15)
 Temple: D:4-7

Altars:
Cheibriados
Elyvilon
Ru
Sif Muna


Innate Abilities, Weirdness & Mutations

You are resistant to torment.
Your stone body is resilient. (AC +5)
You are immune to poison.
You resist negative energy. (rN+)
You are resistant to electric shocks. (rElec)
You can survive without breathing.
You are immune to petrification.
You are immune to rotting.


Message History

You miss the electric eel.
The electric eel shoots out a bolt of lightning at you!
The bolt of electricity hits you but does no damage.
You feel very mighty all of a sudden.
You enter the shallow water.
Moving in this stuff is going to be slow.
The electric eel shoots out a bolt of lightning at you!
The bolt of electricity hits you but does no damage.
The electric eel shoots out a bolt of lightning at you!
The bolt of electricity hits you. You resist.
* * * LOW HITPOINT WARNING * * *
The bolt of electricity hits the electric eel.
The electric eel completely resists.
Your unstable footing causes you to fumble your attack.
The electric eel shoots out a bolt of lightning at you!
The bolt of electricity hits you. You resist.
* * * LOW HITPOINT WARNING * * *
The electric eel shoots out a bolt of lightning at you!
The bolt of electricity hits you. You resist.
You die...

.#
#.#.#,,..P$.;#.#
.#
#.#.#+,.≈.≈≈;#)#
.#
#.#..#,.P?$≈##≈##
.#
#[##.##########≈##
.#
#..#≈≈##..≈/.≈##≈#
.#
##.##≈#....P)≈≈#≈#
.#
#..#≈#.....(≈≈#.#
.#
##.#.#'..P;?≈≈#.#
.#
#.#..#..≈.@;##'##
.#
#.##.########...#
.# #..### #..## .#
##..# #.## .# ##.#
#.# .# #.# #.# .#*
#.# #.# ..# #.#
#.# ..# #.# #.#


You could see 2 electric eels.

Vanquished Creatures
  Grinder (D:3)
  Sigmund (D:4)
  Eustachio (D:5)
  2 ogres
  A scorpion (D:5)
  A water moccasin skeleton (D:5)
  An electric eel (D:5)
  A crimson imp (D:5)
  2 orc priests (D:5)
  Crazy Yiuf (D:3)
  Natasha (thrice) (D:2)
  2 orc wizards (D:5)
  4 worker ants
  A hound skeleton (D:5)
  A gnoll (D:5)
  8 adders
  2 oozes
  2 worms
  4 dart slugs
  4 leopard geckos
  10 orcs
  5 bats
  6 giant cockroaches
  7 goblins
  17 hobgoblins
  3 jackals (D:2)
  11 kobolds
  A quokka (D:5)
  3 frilled lizards
  A leopard gecko skeleton (D:4)
  9 rats
116 creatures vanquished.

Vanquished Creatures (others)
  A plant (D:5)
1 creature vanquished.

Grand Total: 117 creatures vanquished

Notes
Turn   | Place    | Note
-------+----------+-------------------------------------------
     0 | D:1      | Hugehornet the Gargoyle Fighter began the quest for the
                  | Orb.
     0 | D:1      | Reached XP level 1. HP: 14/14 MP: 1/1
    57 | D:1      | Reached XP level 2. HP: 19/19 MP: 2/2
    75 | D:1      | Reached skill level 3 in Maces & Flails
   297 | D:1      | Reached XP level 3. HP: 21/23 MP: 3/3
   824 | D:2      | Reached skill level 4 in Maces & Flails
   884 | D:2      | Reached XP level 4. HP: 27/28 MP: 4/4
   918 | D:2      | Found a sacrificial altar of Ru.
  1196 | D:2      | Noticed Natasha
  1212 | D:2      | Killed Natasha
  1212 | D:2      | Reached skill level 5 in Maces & Flails
  1212 | D:2      | Reached XP level 5. HP: 26/32 MP: 5/5
  1557 | D:2      | Noticed Natasha
  1566 | D:2      | Killed Natasha
  1767 | D:3      | Noticed Grinder
  1828 | D:2      | Noticed Natasha
  1840 | D:2      | Killed Natasha
  2062 | D:3      | Killed Grinder
  2062 | D:3      | Reached skill level 7 in Maces & Flails
  2062 | D:3      | Reached XP level 6. HP: 23/37 MP: 6/6
  2651 | D:3      | Found a shimmering blue altar of Sif Muna.
  2685 | D:3      | Found a snail-covered altar of Cheibriados.
  2699 | D:3      | Became a worshipper of Cheibriados the Contemplative
  2886 | D:3      | Found a runed translucent door.
  2887 | D:3      | Noticed Crazy Yiuf
  2932 | D:3      | Killed Crazy Yiuf
  2932 | D:3      | Reached XP level 7. HP: 31/41 MP: 7/7
  3097 | D:4      | Noticed Sigmund
  3119 | D:4      | Killed Sigmund
  3119 | D:4      | Reached skill level 8 in Maces & Flails
  3351 | D:4      | Found a white marble altar of Elyvilon.
  3762 | D:5      | Entered Level 5 of the Dungeon
  3807 | D:5      | Reached skill level 9 in Maces & Flails
  3807 | D:5      | Reached XP level 8. HP: 22/46 MP: 8/8
  4145 | D:5      | Reached * piety under Cheibriados
  4186 | D:5      | Noticed Eustachio
  4213 | D:5      | Killed Eustachio
  4213 | D:5      | Reached skill level 10 in Maces & Flails
  4449 | D:5      | Killed from afar by an electric eel

Levels and vault maps discovered:
D:1:      lemuel_arrival_broad_hall, layout_basic, chequers_mini_garden,
          kennysheep_pointless_box
D:2:      layout_loops_ring, nicolae_ru_path_of_blood, first_ration,
          chequers_garden, minmay_misc_feat_hallway, corexii_leaking_fountain,
          hex_tiny, minmay_increasing_density, uniq_natasha
D:3:      layout_loops_cross, kennysheep_slug_shrine, led_sif_pool,
          uniq_grinder, uniq_crazy_yiuf_cottage
D:4:      layout_cave_pools, elyvilon_altar_3, skrybe_limestone_x, minivault_25,
          st_stairs_11, minmay_stone_trees_medium, uniq_sigmund
D:5:      cheibrodos_two_vegetables, layout_basic, uniq_eustachio

Skill      XL: |  1  2  3  4  5  6  7  8 |
---------------+-------------------------+-----
Maces & Flails | 3 4 5 7 9 10 | 10.3
Fighting       | |  3.2
Armour         | |  3.2
Shields        | |  3.2

Action                   |  1- 3 |  4- 6 |  7- 9 || total
-------------------------+-------+-------+-------++-------
Melee: Flail             |   133 |   209 |   114 ||   456
       Unarmed           |       |     3 |       ||     3
       Morningstar       |       |       |    57 ||    57
       Whip              |       |       |    24 ||    24
  Use: Scroll            |       |       |     6 ||     6
       Potion            |       |       |     6 ||     6
  Eat: Chunk             |       |     6 |       ||     6
       Ration            |       |       |     2 ||     2
Armor: Scale mail        |    85 |    83 |       ||   168
       Skin              |       |     9 |   105 ||   114
       Chain mail        |       |    24 |    70 ||    94
Dodge: Dodged            |    44 |    52 |    37 ||   133
Block: Shield            |    77 |    99 |    87 ||   263
